AoeStats
← [GG] Shevchenko 7

Fortress

507657556Analyzed
3v3 RM · 15d ago on Sep 19, 2026· 70m 41s· 6 players
Game mode
Random Map
Map size
Large (8 player)
Population
200
Speed
Normal
Resources
Standard
Victory
Conquest
Starting age
Dark Age
Ending age
Imperial Age
RankedLock teamsTeams togetherTeam positionsShared explorationLock speedFull tech treeHidden civsTurbo modeCheats
Victory
Defeat
🇺🇸 Turks · United States
958
+18
🇲🇽 Goths · Mexico
936
+19
🇲🇽 Bohemians · Mexico
853
+21
1013
-20
🇧🇷 Magyars · Brazil
979
-19
🇧🇷 Portuguese · Brazil
976
-19
minondo007
7:54 Feudal Age
12:56 Castle Age
11:16 Double-Bit Axe
11:16 Horse Collar
14:22 Bow Saw
21:59 Imperial Age
22:25 Wheelbarrow
21:37 Loom
21:38 Town Watch
23:36 Heavy Plow
26:12 Stone Mining
26:13 Gold Mining
26:24 Gold Mining
26:54 Hand Cart
28:18 Bloodlines
28:25 Forging
31:00 Two-Man Saw
30:01 Elite Janissary
32:47 Gold Shaft Mining
32:50 Iron Casting
32:21 Scale Barding Armor
32:27 Heavy Camel Rider
39:04 Blast Furnace
50:29 Chain Barding Armor
Ricardo9gs
5:48 Loom
9:15 Feudal Age
13:48 Castle Age
12:51 Man-at-Arms
13:48 Horse Collar
14:19 Double-Bit Axe
16:14 Bow Saw
17:20 Scale Mail Armor
25:57 Forging
26:03 Chain Mail Armor
27:57 Wheelbarrow
27:51 Squires
28:58 Hand Cart
32:56 Imperial Age
31:11 Town Watch
31:28 Gold Mining
32:02 Anarchy
32:40 Iron Casting
33:22 Elite Huskarl
33:28 Pikeman
34:59 Halberdier
35:45 Capped Ram
36:54 Heavy Plow
37:58 Two-Man Saw
37:52 Town Patrol
47:00 Blast Furnace
56:42 Perfusion
57:27 Caravan
63:17 Conscription
Ricky
12:01 Feudal Age
16:54 Castle Age
15:02 Double-Bit Axe
16:06 Forging
15:56 Scale Mail Armor
15:50 Horse Collar
17:54 Bow Saw
17:46 Heavy Plow
17:52 Town Watch
18:45 Wheelbarrow
18:31 Forging
18:21 Scale Mail Armor
25:14 Chemistry
30:31 Imperial Age
31:00 Houfnice
31:09 Pikeman
34:47 Halberdier
37:26 Iron Casting
36:51 Scale Mail Armor
62:34 Two-Man Saw
63:23 Caravan
[GG] Raúl González Blanco
8:06 Feudal Age
13:54 Castle Age
12:58 Town Watch
13:39 Double-Bit Axe
16:58 Town Patrol
20:40 Kamandaran
21:24 Fletching
21:47 Scale Barding Armor
23:29 Bodkin Arrow
23:45 Crossbowman
24:30 Thumb Ring
24:20 Light Cavalry
25:26 Loom
25:43 Padded Archer Armor
25:54 Forging
26:33 Thumb Ring
27:06 Bloodlines
26:59 Husbandry
27:46 Leather Archer Armor
29:25 Chain Barding Armor
30:33 Iron Casting
32:24 Wheelbarrow
36:12 Imperial Age
36:09 Hussar
38:08 Plate Barding Armor
39:11 Ring Archer Armor
40:27 Hand Cart
39:56 Cavalier
41:43 Bow Saw
41:17 Horse Collar
42:41 Blast Furnace
43:40 Chemistry
43:03 Savar
44:52 Heavy Camel Rider
48:38 Murder Holes
49:19 Fervor
49:33 Block Printing
50:27 Two-Man Saw
50:14 Ballistics
[GG] Trezeguet
6:46 Feudal Age
8:19 Loom
11:27 Castle Age
9:26 Horse Collar
10:08 Double-Bit Axe
10:47 Gold Mining
12:40 Wheelbarrow
18:34 Corvinian Army
20:00 Heavy Plow
22:33 Bow Saw
27:44 Bloodlines
27:51 Light Cavalry
28:33 Scale Mail Armor
29:24 Gold Shaft Mining
28:58 Husbandry
30:49 Scale Barding Armor
31:09 Chain Mail Armor
39:07 Imperial Age
49:52 Fletching
50:03 Padded Archer Armor
50:23 Chain Barding Armor
55:24 Heavy Scorpion
[GG] Shevchenko 7
0:30 Loom
8:26 Feudal Age
11:18 Double-Bit Axe
13:40 Castle Age
12:17 Horse Collar
12:32 Gold Mining
22:19 Redemption
23:21 Sanctity
28:26 Imperial Age
27:30 Wheelbarrow
26:39 Light Cavalry
27:31 Bloodlines
28:52 Scale Barding Armor
28:58 Forging
32:13 Hand Cart
33:07 Chain Barding Armor
37:03 Chemistry
38:13 Block Printing
42:42 Elite Organ Gun
50:36 Husbandry
50:54 Murder Holes
51:20 Ballistics
54:31 Plate Barding Armor
58:16 Scale Mail Armor
58:07 Fletching
58:18 Padded Archer Armor
Connection lost

Rejoining the realm…

Still unreachable

The connection could not be restored.

Session expired

The server has moved on; the page needs a fresh start.